%YAML 1.1
%TAG !u! tag:unity3d.com,2011:
--- !u!1 &1743972776351961683
GameObject:
  m_ObjectHideFlags: 0
  m_CorrespondingSourceObject: {fileID: 0}
  m_PrefabInstance: {fileID: 0}
  m_PrefabAsset: {fileID: 0}
  serializedVersion: 6
  m_Component:
  - component: {fileID: 4743022191077007852}
  m_Layer: 0
  m_Name: ParkingBarriers
  m_TagString: Untagged
  m_Icon: {fileID: 0}
  m_NavMeshLayer: 0
  m_StaticEditorFlags: 0
  m_IsActive: 1
--- !u!4 &4743022191077007852
Transform:
  m_ObjectHideFlags: 0
  m_CorrespondingSourceObject: {fileID: 0}
  m_PrefabInstance: {fileID: 0}
  m_PrefabAsset: {fileID: 0}
  m_GameObject: {fileID: 1743972776351961683}
  m_LocalRotation: {x: 0, y: 0, z: 0, w: 1}
  m_LocalPosition: {x: 0, y: 0, z: 0}
  m_LocalScale: {x: 1, y: 1, z: 1}
  m_ConstrainProportionsScale: 0
  m_Children:
  - {fileID: 7565049191529963741}
  - {fileID: 7565049192401687422}
  - {fileID: 1986259509787124204}
  - {fileID: 2348048857168448151}
  m_Father: {fileID: 0}
  m_RootOrder: 0
  m_LocalEulerAnglesHint: {x: 0, y: 0, z: 0}
--- !u!1001 &798656085494337586
PrefabInstance:
  m_ObjectHideFlags: 0
  serializedVersion: 2
  m_Modification:
    m_TransformParent: {fileID: 4743022191077007852}
    m_Modifications:
    - target: {fileID: 7199304526651540300, guid: cf7689fa236b17949ba53ddf9ab8d482, type: 3}
      propertyPath: m_RootOrder
      value: 1
      objectReference: {fileID: 0}
    - target: {fileID: 7199304526651540300, guid: cf7689fa236b17949ba53ddf9ab8d482, type: 3}
      propertyPath: m_LocalPosition.x
      value: 54.02
      objectReference: {fileID: 0}
    - target: {fileID: 7199304526651540300, guid: cf7689fa236b17949ba53ddf9ab8d482, type: 3}
      propertyPath: m_LocalPosition.y
      value: 0
      objectReference: {fileID: 0}
    - target: {fileID: 7199304526651540300, guid: cf7689fa236b17949ba53ddf9ab8d482, type: 3}
      propertyPath: m_LocalPosition.z
      value: -103.95
      objectReference: {fileID: 0}
    - target: {fileID: 7199304526651540300, guid: cf7689fa236b17949ba53ddf9ab8d482, type: 3}
      propertyPath: m_LocalRotation.w
      value: 1
      objectReference: {fileID: 0}
    - target: {fileID: 7199304526651540300, guid: cf7689fa236b17949ba53ddf9ab8d482, type: 3}
      propertyPath: m_LocalRotation.x
      value: -0
      objectReference: {fileID: 0}
    - target: {fileID: 7199304526651540300, guid: cf7689fa236b17949ba53ddf9ab8d482, type: 3}
      propertyPath: m_LocalRotation.y
      value: -0
      objectReference: {fileID: 0}
    - target: {fileID: 7199304526651540300, guid: cf7689fa236b17949ba53ddf9ab8d482, type: 3}
      propertyPath: m_LocalRotation.z
      value: -0
      objectReference: {fileID: 0}
    - target: {fileID: 7199304526651540300, guid: cf7689fa236b17949ba53ddf9ab8d482, type: 3}
      propertyPath: m_LocalEulerAnglesHint.x
      value: 0
      objectReference: {fileID: 0}
    - target: {fileID: 7199304526651540300, guid: cf7689fa236b17949ba53ddf9ab8d482, type: 3}
      propertyPath: m_LocalEulerAnglesHint.y
      value: 0
      objectReference: {fileID: 0}
    - target: {fileID: 7199304526651540300, guid: cf7689fa236b17949ba53ddf9ab8d482, type: 3}
      propertyPath: m_LocalEulerAnglesHint.z
      value: 0
      objectReference: {fileID: 0}
    - target: {fileID: 7539802024286427638, guid: cf7689fa236b17949ba53ddf9ab8d482, type: 3}
      propertyPath: m_Name
      value: SM_ParkingBarrier
      objectReference: {fileID: 0}
    m_RemovedComponents: []
  m_SourcePrefab: {fileID: 100100000, guid: cf7689fa236b17949ba53ddf9ab8d482, type: 3}
--- !u!4 &7565049192401687422 stripped
Transform:
  m_CorrespondingSourceObject: {fileID: 7199304526651540300, guid: cf7689fa236b17949ba53ddf9ab8d482, type: 3}
  m_PrefabInstance: {fileID: 798656085494337586}
  m_PrefabAsset: {fileID: 0}
--- !u!1001 &2024972752375584078
PrefabInstance:
  m_ObjectHideFlags: 0
  serializedVersion: 2
  m_Modification:
    m_TransformParent: {fileID: 4743022191077007852}
    m_Modifications:
    - target: {fileID: 8423510131942028691, guid: 759a3647cf4da7d459a1cb2d2a7f6a6b, type: 3}
      propertyPath: m_RootOrder
      value: 0
      objectReference: {fileID: 0}
    - target: {fileID: 8423510131942028691, guid: 759a3647cf4da7d459a1cb2d2a7f6a6b, type: 3}
      propertyPath: m_LocalPosition.x
      value: 75.81
      objectReference: {fileID: 0}
    - target: {fileID: 8423510131942028691, guid: 759a3647cf4da7d459a1cb2d2a7f6a6b, type: 3}
      propertyPath: m_LocalPosition.y
      value: 0
      objectReference: {fileID: 0}
    - target: {fileID: 8423510131942028691, guid: 759a3647cf4da7d459a1cb2d2a7f6a6b, type: 3}
      propertyPath: m_LocalPosition.z
      value: -5.79
      objectReference: {fileID: 0}
    - target: {fileID: 8423510131942028691, guid: 759a3647cf4da7d459a1cb2d2a7f6a6b, type: 3}
      propertyPath: m_LocalRotation.w
      value: 1
      objectReference: {fileID: 0}
    - target: {fileID: 8423510131942028691, guid: 759a3647cf4da7d459a1cb2d2a7f6a6b, type: 3}
      propertyPath: m_LocalRotation.x
      value: -0
      objectReference: {fileID: 0}
    - target: {fileID: 8423510131942028691, guid: 759a3647cf4da7d459a1cb2d2a7f6a6b, type: 3}
      propertyPath: m_LocalRotation.y
      value: -0
      objectReference: {fileID: 0}
    - target: {fileID: 8423510131942028691, guid: 759a3647cf4da7d459a1cb2d2a7f6a6b, type: 3}
      propertyPath: m_LocalRotation.z
      value: -0
      objectReference: {fileID: 0}
    - target: {fileID: 8423510131942028691, guid: 759a3647cf4da7d459a1cb2d2a7f6a6b, type: 3}
      propertyPath: m_LocalEulerAnglesHint.x
      value: 0
      objectReference: {fileID: 0}
    - target: {fileID: 8423510131942028691, guid: 759a3647cf4da7d459a1cb2d2a7f6a6b, type: 3}
      propertyPath: m_LocalEulerAnglesHint.y
      value: 0
      objectReference: {fileID: 0}
    - target: {fileID: 8423510131942028691, guid: 759a3647cf4da7d459a1cb2d2a7f6a6b, type: 3}
      propertyPath: m_LocalEulerAnglesHint.z
      value: 0
      objectReference: {fileID: 0}
    - target: {fileID: 9200151971602804521, guid: 759a3647cf4da7d459a1cb2d2a7f6a6b, type: 3}
      propertyPath: m_Name
      value: SM_ParkingBarrierBig
      objectReference: {fileID: 0}
    m_RemovedComponents: []
  m_SourcePrefab: {fileID: 100100000, guid: 759a3647cf4da7d459a1cb2d2a7f6a6b, type: 3}
--- !u!4 &7565049191529963741 stripped
Transform:
  m_CorrespondingSourceObject: {fileID: 8423510131942028691, guid: 759a3647cf4da7d459a1cb2d2a7f6a6b, type: 3}
  m_PrefabInstance: {fileID: 2024972752375584078}
  m_PrefabAsset: {fileID: 0}
--- !u!1001 &6085383629771865860
PrefabInstance:
  m_ObjectHideFlags: 0
  serializedVersion: 2
  m_Modification:
    m_TransformParent: {fileID: 4743022191077007852}
    m_Modifications:
    - target: {fileID: 8423510131942028691, guid: 759a3647cf4da7d459a1cb2d2a7f6a6b, type: 3}
      propertyPath: m_RootOrder
      value: 3
      objectReference: {fileID: 0}
    - target: {fileID: 8423510131942028691, guid: 759a3647cf4da7d459a1cb2d2a7f6a6b, type: 3}
      propertyPath: m_LocalPosition.x
      value: -12.15
      objectReference: {fileID: 0}
    - target: {fileID: 8423510131942028691, guid: 759a3647cf4da7d459a1cb2d2a7f6a6b, type: 3}
      propertyPath: m_LocalPosition.y
      value: 0
      objectReference: {fileID: 0}
    - target: {fileID: 8423510131942028691, guid: 759a3647cf4da7d459a1cb2d2a7f6a6b, type: 3}
      propertyPath: m_LocalPosition.z
      value: 32.85
      objectReference: {fileID: 0}
    - target: {fileID: 8423510131942028691, guid: 759a3647cf4da7d459a1cb2d2a7f6a6b, type: 3}
      propertyPath: m_LocalRotation.w
      value: 0.70710784
      objectReference: {fileID: 0}
    - target: {fileID: 8423510131942028691, guid: 759a3647cf4da7d459a1cb2d2a7f6a6b, type: 3}
      propertyPath: m_LocalRotation.x
      value: -0
      objectReference: {fileID: 0}
    - target: {fileID: 8423510131942028691, guid: 759a3647cf4da7d459a1cb2d2a7f6a6b, type: 3}
      propertyPath: m_LocalRotation.y
      value: 0.70710576
      objectReference: {fileID: 0}
    - target: {fileID: 8423510131942028691, guid: 759a3647cf4da7d459a1cb2d2a7f6a6b, type: 3}
      propertyPath: m_LocalRotation.z
      value: -0
      objectReference: {fileID: 0}
    - target: {fileID: 8423510131942028691, guid: 759a3647cf4da7d459a1cb2d2a7f6a6b, type: 3}
      propertyPath: m_LocalEulerAnglesHint.x
      value: 0
      objectReference: {fileID: 0}
    - target: {fileID: 8423510131942028691, guid: 759a3647cf4da7d459a1cb2d2a7f6a6b, type: 3}
      propertyPath: m_LocalEulerAnglesHint.y
      value: 90
      objectReference: {fileID: 0}
    - target: {fileID: 8423510131942028691, guid: 759a3647cf4da7d459a1cb2d2a7f6a6b, type: 3}
      propertyPath: m_LocalEulerAnglesHint.z
      value: 0
      objectReference: {fileID: 0}
    - target: {fileID: 9200151971602804521, guid: 759a3647cf4da7d459a1cb2d2a7f6a6b, type: 3}
      propertyPath: m_Name
      value: SM_ParkingBarrierBig (2)
      objectReference: {fileID: 0}
    m_RemovedComponents: []
  m_SourcePrefab: {fileID: 100100000, guid: 759a3647cf4da7d459a1cb2d2a7f6a6b, type: 3}
--- !u!4 &2348048857168448151 stripped
Transform:
  m_CorrespondingSourceObject: {fileID: 8423510131942028691, guid: 759a3647cf4da7d459a1cb2d2a7f6a6b, type: 3}
  m_PrefabInstance: {fileID: 6085383629771865860}
  m_PrefabAsset: {fileID: 0}
--- !u!1001 &8031832754592453759
PrefabInstance:
  m_ObjectHideFlags: 0
  serializedVersion: 2
  m_Modification:
    m_TransformParent: {fileID: 4743022191077007852}
    m_Modifications:
    - target: {fileID: 8423510131942028691, guid: 759a3647cf4da7d459a1cb2d2a7f6a6b, type: 3}
      propertyPath: m_RootOrder
      value: 2
      objectReference: {fileID: 0}
    - target: {fileID: 8423510131942028691, guid: 759a3647cf4da7d459a1cb2d2a7f6a6b, type: 3}
      propertyPath: m_LocalPosition.x
      value: 115.1
      objectReference: {fileID: 0}
    - target: {fileID: 8423510131942028691, guid: 759a3647cf4da7d459a1cb2d2a7f6a6b, type: 3}
      propertyPath: m_LocalPosition.y
      value: 0
      objectReference: {fileID: 0}
    - target: {fileID: 8423510131942028691, guid: 759a3647cf4da7d459a1cb2d2a7f6a6b, type: 3}
      propertyPath: m_LocalPosition.z
      value: -41
      objectReference: {fileID: 0}
    - target: {fileID: 8423510131942028691, guid: 759a3647cf4da7d459a1cb2d2a7f6a6b, type: 3}
      propertyPath: m_LocalRotation.w
      value: 0.7071068
      objectReference: {fileID: 0}
    - target: {fileID: 8423510131942028691, guid: 759a3647cf4da7d459a1cb2d2a7f6a6b, type: 3}
      propertyPath: m_LocalRotation.x
      value: -0
      objectReference: {fileID: 0}
    - target: {fileID: 8423510131942028691, guid: 759a3647cf4da7d459a1cb2d2a7f6a6b, type: 3}
      propertyPath: m_LocalRotation.y
      value: 0.70710677
      objectReference: {fileID: 0}
    - target: {fileID: 8423510131942028691, guid: 759a3647cf4da7d459a1cb2d2a7f6a6b, type: 3}
      propertyPath: m_LocalRotation.z
      value: -0
      objectReference: {fileID: 0}
    - target: {fileID: 8423510131942028691, guid: 759a3647cf4da7d459a1cb2d2a7f6a6b, type: 3}
      propertyPath: m_LocalEulerAnglesHint.x
      value: 0
      objectReference: {fileID: 0}
    - target: {fileID: 8423510131942028691, guid: 759a3647cf4da7d459a1cb2d2a7f6a6b, type: 3}
      propertyPath: m_LocalEulerAnglesHint.y
      value: 90
      objectReference: {fileID: 0}
    - target: {fileID: 8423510131942028691, guid: 759a3647cf4da7d459a1cb2d2a7f6a6b, type: 3}
      propertyPath: m_LocalEulerAnglesHint.z
      value: 0
      objectReference: {fileID: 0}
    - target: {fileID: 9200151971602804521, guid: 759a3647cf4da7d459a1cb2d2a7f6a6b, type: 3}
      propertyPath: m_Name
      value: SM_ParkingBarrierBig (1)
      objectReference: {fileID: 0}
    m_RemovedComponents: []
  m_SourcePrefab: {fileID: 100100000, guid: 759a3647cf4da7d459a1cb2d2a7f6a6b, type: 3}
--- !u!4 &1986259509787124204 stripped
Transform:
  m_CorrespondingSourceObject: {fileID: 8423510131942028691, guid: 759a3647cf4da7d459a1cb2d2a7f6a6b, type: 3}
  m_PrefabInstance: {fileID: 8031832754592453759}
  m_PrefabAsset: {fileID: 0}
